 Dungeon Crawl Stone Soup version 0.30-a0-305-g026cb31310 (webtiles) character file.

Game seed: 1361315603186597044

58281 porpoise the Spear-Bearer (level 14, -2/103 HPs)
             Began as a Demonspawn Gladiator on Oct 23, 2022.
             Was the Champion of Hepliaklqana.
             Slain by a minotaur
             ... wielding a +0 battleaxe of flaming
              (10 damage)
             ... in a Gauntlet.
             The game lasted 01:07:08 (17216 turns).

porpoise the Spear-Bearer (Demonspawn Gladiator)   Turns: 17216, Time: 01:07:09

Health: -2/103     AC: 20    Str: 21    XL:     14   Next: 48%
Magic:  23/23      EV: 14    Int:  9    God:    Hepliaklqana [******]
Gold:   1513       SH:  0    Dex: 14    Spells: 20/22 levels left

rFire   . . .      SeeInvis .    a - +1 trident (freeze)
rCold   . . .      Faith    .    (no shield)
rNeg    + . .      Spirit   .    N - +4 ring mail {rN+}
rPois   .          Reflect  .    c - +1 helmet
rElec   +          Harm     .    t - +2 cloak "Xaucrug" {rElec Regen+ rCorr}
rCorr   +          Rampage  .    (gloves unavailable)
Will    ++...      NoTele   +    R - +0 pair of boots
Stlth   +.........               J - amulet of regeneration
HPRegen 1.97/turn                k - ring of willpower
MPRegen 0.18/turn                e - ring of flight

@: flying, studying Ice Magic
A: reduced essence, icy blue scales 1, powered by pain 1, spiny 3, demonic touch
3
a: Renounce Religion, Recall Ancestor, Ancestor Identity, Transference, Idealise


You were in a Gauntlet.
You worshipped Hepliaklqana.
Hepliaklqana was exalted by your worship.
You visited 3 branches of the dungeon, and saw 18 of its levels.
You also visited: Gauntlet and Ice Cave.

You collected 1765 gold pieces.
You spent 252 gold pieces at shops.

Inventory:

Hand Weapons
 a - a +1 trident of freezing (weapon)
 b - a +0 sling
Missiles
 d - 5 throwing nets (quivered)
Armour
 c - a +1 helmet (worn)
 t - the +2 cloak "Xaucrug" (worn) {rElec Regen+ rCorr}
   (You found it in a Gauntlet)

   rElec:     It insulates you from electricity.
   Regen:     It increases your rate of health regeneration.
   rCorr:     It protects you from acid and corrosion.
 v - a +2 pair of boots of rampaging
 G - a +0 cloak of stealth
 N - a +4 ring mail of positive energy (worn)
 R - a +0 pair of boots (worn)
Jewellery
 e - a ring of flight (right hand)
 k - a ring of willpower (left hand)
 z - a ring of see invisible
 J - an amulet of regeneration (around neck)
Wands
 y - a wand of roots (26)
 L - a wand of paralysis (13)
 U - a wand of light (5)
 X - a wand of flame (18)
Scrolls
 g - 4 scrolls of poison
 h - 6 scrolls of teleportation
 m - a scroll of silence
 o - a scroll of summoning
 q - a scroll of fog
 u - 2 scrolls of blinking
 A - 3 scrolls of vulnerability
 Q - 13 scrolls of identify
Potions
 f - 6 potions of flight
 i - 2 potions of haste
 j - 5 potions of curing
 l - 3 potions of attraction
 n - a potion of might
 s - 2 potions of resistance
 w - 4 potions of magic
 x - 2 potions of invisibility
 B - 3 potions of lignification
Miscellaneous
 r - a phial of floods
 I - a box of beasts


   Skills:
 - Level 12.0 Fighting
 - Level 14.0 Polearms
 - Level 1.7 Throwing
 + Level 8.4 Armour
 + Level 8.4 Dodging
 + Level 4.8 Spellcasting
 - Level 12.0 Invocations
 - Level 7.0 Evocations


You had 20 spell levels left.
You knew the following spells:

 Your Spells              Type           Power      Damage    Failure   Level
w - Wereblood             Tmut           2%         N/A       50%         2

Your spell library contained the following spells:

 Spells                   Type           Power      Damage    Failure   Level
 Apportation              Tloc           4%         N/A       36%         1
 Freeze                   Ice            8%         1d3       36%         1
 Magic Dart               Conj           8%         1d3       36%         1
 Necrotise                Necr           8%         1d4       36%         1
 Sting                    Tmut/Pois      8%         1d3       36%         1
 Blink                    Tloc           4%         N/A       50%         2
 Momentum Strike          Conj/Tloc      4%         3d8       50%         2
 Poisonous Vapours        Pois/Air       4%         N/A       50%         2
 Scorch                   Fire           4%         2d5       50%         2
 Searing Ray              Conj           4%         2d4       50%         2
 Static Discharge         Conj/Air       4%         2-3/arc   50%         2
 Sublimation of Blood     Necr           2%         N/A       50%         2
 Frozen Ramparts          Ice            4%         1d1       75%         3
 Hailstorm                Conj/Ice       2%         3d3       75%         3
 Ignite Poison            Fire/Tmut/Pois 2%         N/A       75%         3
 Inner Flame              Hex/Fire       2%         N/A       75%         3
 Kindle Blastsparks       Fire/Tloc/Air  4%         2d10      75%         3
 Lesser Beckoning         Tloc           4%         N/A       75%         3
 Tukima's Dance           Hex            2%         N/A       75%         3
 Vhi's Electric Charge    Tloc/Air       4%         N/A       75%         3
 Anguish                  Hex/Necr       1%         N/A       98%         4
 Flame Wave               Conj/Fire      2%         2d4       98%         4
 Fulminant Prism          Conj/Hex       1%         3d6       98%         4
 Olgreb's Toxic Radiance  Pois           2%         N/A       98%         4
 Passage of Golubria      Tloc           2%         N/A       98%         4
 Sticky Flame             Conj/Fire      2%         2d3       98%         4
 Alistair's Intoxication  Tmut/Pois      1%         N/A       100%        5
 Arcjolt                  Conj/Air       1%         1d11      100%        5
 Freezing Cloud           Conj/Ice/Air   1%         6-21      100%        5
 Lightning Bolt           Conj/Air       1%         1d12      100%        5
 Yara's Violent Unravell  Hex/Tmut       1%         3d3       100%        5
 Simulacrum               Ice/Necr       1%         N/A       100%        6
 Summon Cactus Giant      Summ           1%         N/A       100%        6
 Summon Hydra             Summ           1%         N/A       100%        7
 Borgnjor's Revivificati  Necr           1%         N/A       100%        8


Dungeon Overview and Level Annotations

Branches:
Dungeon (12/15)            Temple (1/1) D:6            Lair (5/5) D:9
 Shoals (0/4) Lair:3        Snake (0/4) Lair:2        Slime (0/5) Lair:5
    Orc (0/2) D:10          IceCv (visited)         Gauntlet (1/1)

Altars:
Ashenzari
Cheibriados
Dithmenos
Fedhas
Gozag
Hepliaklqana
Kikubaaqudgha
Makhleb
Nemelex Xobeh
Okawaru
Qazlal
Ru
Sif Muna
Trog
Uskayaw
Vehumet
Wu Jian
Xom
Yredelemnul
Jiyva

Shops:
D:3 :   D:7 [   D:11 ?(?[[

Annotations:
Lair:2 3 runed translucent doors, idiolect's ghost, journeyman DsFE
Lair:4 exclusion: oklob plant Gauntlet 10 transporters


Innate Abilities, Weirdness & Mutations

Your life essence is reduced to manifest your ancestor. (-10% HP)
You are partially covered in icy blue scales. (AC +2)
You sometimes gain a little power by taking damage.
You are completely covered in sharp spines.
Your touch may irresistibly damage your foes and sap their willpower.


Message History

Niki is destroyed!
The silver javelin pierces through you! The silver sears you!
The minotaur bellows!
Found a pair of boots.
Found a gate leading back out of this place.
The minotaur hits you but does no damage.
The minotaur closely misses you.
You hit the minotaur but do no damage.
You touch the minotaur!
You sap its willpower!
The minotaur is lightly wounded.
You puncture the minotaur! You freeze the minotaur.
You touch the minotaur!
You sap its willpower!
The minotaur is heavily wounded.
The minotaur hits you with a +0 battleaxe of flaming!
The minotaur burns you.
The minotaur gores you but does no damage.
You hit the minotaur but do no damage.
You touch the minotaur!!
You sap its willpower!
The minotaur is severely wounded.
You hit the minotaur. You freeze the minotaur.
The minotaur is severely wounded.
The minotaur hits you with a +0 battleaxe of flaming.
The minotaur burns you. The minotaur gores you!
You hit the minotaur. You freeze the minotaur.
You touch the minotaur!
You sap its willpower!
The minotaur is almost dead.
The minotaur is struck by your spines.
The minotaur hits you with a +0 battleaxe of flaming!
The minotaur burns you.
* * * LOW HITPOINT WARNING * * *
The minotaur barely misses you.
You barely miss the minotaur.
The minotaur furiously retaliates!
The minotaur headbutts you, but does no damage.
The minotaur is almost dead.
You hit the minotaur but do no damage.
The minotaur is almost dead.
The minotaur hits you with a +0 battleaxe of flaming!!
* * * LOW HITPOINT WARNING * * *
The minotaur burns you!
You die...

#8#
..............≈#
#8# ###
8.8.8.8.8.8.8.8#
###
..............≈#
.##.##.##.##.###
.##.##.##.##.##
..............#
.##.##.##.###
##.##.##.##.###
.....(H@......#
#.##(#'###.##.#
#. .# .# #. .. #
#. ##. #∩ .# ##
#


You could see a minotaur (weak-willed).

Vanquished Creatures
  A frost giant (IceCv)
  3 hydras
  A catoblepas (Lair:5)
  A two-headed ogre (D:11)
  15 death yaks
  A boulder beetle (D:9)
  Nergalle (Lair:1)
  A sixfirhy (Gauntlet)
  A wizard (Gauntlet)
  An ugly thing (IceCv)
  A manticore (Lair:5)
  13 elephants
  An apocalypse crab (Gauntlet)
  6 black mambas
  The ghost of koil the Covert, a novice SpBr (D:7)
  A gargoyle (D:11)
  3 komodo dragons
  3 rime drakes
  5 cane toads
  2 kobold demonologists
  2 trolls
  7 polar bears (IceCv)
  2 hornets (D:7)
  6 blink frogs
  Grinder (D:6)
  4 dream sheep (Lair:3)
  2 shadows (D:10)
  2 spriggans (Lair:3)
  Sigmund (D:6)
  5 wyverns
  59 yaks
  3 wraiths
  3 basilisks
  An acid dragon (D:11)
  12 water moccasins
  2 orc warriors
  An ice beast (D:6)
  2 black bears
  14 wolves
  2 centaurs
  4 phantoms
  4 kobold brigands
  2 gnoll sergeants
  The ghost of Darkkill the Conjurer, an amateur VSCj (D:4)
  6 bullfrogs
  3 necrophages
  2 scorpions
  4 wights (D:7)
  5 killer bees (D:8)
  3 troll zombies (D:10)
  2 electric eels
  9 jellies
  A hound (D:4)
  Crazy Yiuf (D:6)
  2 orc priests
  2 hell rats (Lair:2)
  An iguana (D:2)
  10 orc wizards
  2 ogre zombies (D:10)
  13 gnolls
  9 adders
  A shadow imp (D:7)
  A white imp (Gauntlet)
  4 ufetubi
  A worm (D:3)
  2 dart slugs
  34 orcs
  9 ball pythons
  7 bats
  9 endoplasms
  3 giant cockroaches
  7 goblins
  11 hobgoblins
  3 jackals (D:3)
  25 kobolds
  3 quokkas
  A frilled lizard (D:2)
  2 goblin skeletons (D:10)
  4 goblin zombies (D:10)
  3 hobgoblin skeletons (D:10)
  2 hobgoblin zombies (D:10)
  2 orc skeletons (D:10)
  6 orc zombies (D:10)
  3 rats
422 creatures vanquished.

Vanquished Creatures (collateral kills)
  2 catoblepae (Lair:5)
  2 two-headed ogres
  A death yak (Lair:5)
  An ice statue (IceCv)
  An elephant (Lair:5)
  A black mamba (Lair:5)
  An unseen horror (D:11)
  A rime drake (Lair:4)
  4 komodo dragons
  3 polar bears
  5 blink frogs
  3 dream sheep (Lair:3)
  A wraith (D:12)
  A wyvern (Lair:3)
  15 yaks
  A basilisk (Lair:2)
  A two-headed ogre zombie (D:10)
  2 water moccasins
  A wolf (IceCv)
  A kobold brigand (D:9)
  3 bullfrogs
  5 jellies (Lair:5)
  An orc wizard (D:8)
  3 hell rats (Lair:2)
  2 ogre zombies (D:10)
  A shadow imp (Gauntlet)
  An ufetubus (Gauntlet)
  2 orcs
  An endoplasm (Lair:5)
  A hobgoblin skeleton (D:10)
  A kobold (D:8)
  An orc skeleton (D:10)
  4 orc zombies (D:10)
  A bush (Lair:5)
75 creatures vanquished.

Vanquished Creatures (others)
  10 battlemagi
  5 orcs (D:6)
  14 fungi
  25 plants
  18 withered plants (Gauntlet)
72 creatures vanquished.

Grand Total: 569 creatures vanquished

Notes
Turn   | Place    | Note
-------+----------+-------------------------------------------
     0 | D:1      | porpoise the Demonspawn Gladiator began the quest for the
                  | Orb.
     0 | D:1      | Reached XP level 1. HP: 16/16 MP: 1/1
   265 | D:1      | Reached skill level 3 in Polearms
   286 | D:1      | Gained mutation: Your touch may inflict minor irresistible
                  | damage on your foes. [demonic ancestry]
   286 | D:1      | Reached XP level 2. HP: 9/22 MP: 2/2
  1140 | D:2      | Gained mutation: Your touch may inflict irresistible damage
                  | on your foes. [demonic ancestry]
  1140 | D:2      | Reached XP level 3. HP: 27/28 MP: 3/3
  1465 | D:2      | Reached skill level 4 in Polearms
  1483 | D:2      | Gained mutation: You are partially covered in sharp spines.
                  | [demonic ancestry]
  1483 | D:2      | Reached XP level 4. HP: 34/34 MP: 4/4
  1858 | D:3      | Identified the +1 scale mail of the Blacksmith {rC+ Str-2
                  | Dex+5}
  2236 | D:3      | Gained mutation: You are partially covered in icy blue
                  | scales. (AC +2) [demonic ancestry]
  2236 | D:3      | Reached XP level 5. HP: 41/41 MP: 5/5
  2344 | D:3      | Reached skill level 5 in Polearms
  2435 | D:3      | Found Xyoth's Book Boutique.
  2637 | D:4      | Found a runed translucent door.
  2665 | D:4      | Gained mutation: Your touch may irresistibly damage your
                  | foes and sap their willpower. [demonic ancestry]
  2665 | D:4      | Reached XP level 6. HP: 47/48 MP: 6/6
  2705 | D:4      | Found a broken altar of Ashenzari.
  2731 | D:4      | Noticed Darkkill's ghost (amateur VSCj)
  2770 | D:4      | Killed Darkkill's ghost
  2803 | D:4      | Reached skill level 6 in Polearms
  3616 | D:4      | Gained mutation: You are mostly covered in sharp spines.
                  | [demonic ancestry]
  3616 | D:4      | Reached XP level 7. HP: 39/55 MP: 7/7
  3680 | D:5      | Entered Level 5 of the Dungeon
  4099 | D:5      | Reached skill level 5 in Fighting
  4220 | D:5      | Found an ancient bone altar of Kikubaaqudgha.
  4383 | D:5      | Reached skill level 7 in Polearms
  4729 | D:6      | Found a runed translucent door.
  4730 | D:6      | Noticed Crazy Yiuf
  4735 | D:6      | Killed Crazy Yiuf
  4764 | D:6      | Noticed a troll
  4772 | D:6      | Killed a troll
  4773 | D:6      | Gained mutation: You sometimes gain a little power by
                  | taking damage. [demonic ancestry]
  4773 | D:6      | Reached XP level 8. HP: 37/64 MP: 8/8
  5047 | D:6      | Found a staircase to the Ecumenical Temple.
  5183 | Temple   | Entered the Ecumenical Temple
  5205 | Temple   | Became a worshipper of Hepliaklqana the Forgotten
  5357 | D:6      | Noticed Sigmund
  5366 | D:6      | Killed Sigmund
  5367 | D:6      | Reached skill level 8 in Polearms
  5522 | D:6      | Found an opulent altar of Gozag.
  5555 | D:6      | Reached skill level 9 in Polearms
  5617 | D:6      | Noticed Grinder
  5637 | D:6      | Killed Grinder
  5638 | D:6      | Reached XP level 9. HP: 67/72 MP: 9/9
  5867 | D:6      | Reached skill level 1 in Invocations
  5924 | D:7      | Reached skill level 1 in Armour
  6007 | D:7      | Found Qeameic's Antique Armour Shop.
  6013 | D:7      | Bought an ichor-stained leather armour for 126 gold pieces
  6013 | D:7      | Identified the +0 leather armour of Bukhlycy {rF+} (You
                  | bought it in a shop on level 7 of the Dungeon)
  6013 | D:7      | Bought a shiny ring mail for 126 gold pieces
  6071 | D:7      | Found a sacrificial altar of Ru.
  6250 | D:7      | Found an iron altar of Okawaru.
  6296 | D:7      | Paralysed by a hornet for 2 turns
  6525 | D:7      | Reached skill level 10 in Polearms
  6650 | D:7      | Found a runed translucent door.
  6650 | D:7      | Noticed koil's ghost (novice SpBr)
  6667 | D:7      | Killed koil's ghost
  6668 | D:7      | Reached skill level 5 in Invocations
  6695 | D:7      | Reached * piety under Hepliaklqana
  7129 | D:8      | Gained mutation: You are completely covered in sharp
                  | spines. [demonic ancestry]
  7129 | D:8      | Reached XP level 10. HP: 71/71 MP: 14/14
  7436 | D:9      | Found a staircase to the Lair.
  7491 | D:9      | Reached ** piety under Hepliaklqana
  7492 | D:9      | Remembered your ancestor Niki as a battlemage
  7592 | D:9      | Noticed a two-headed ogre
  7599 | D:9      | Killed a two-headed ogre
  7600 | D:9      | Reached skill level 5 in Armour
  7954 | D:9      | Noticed a boulder beetle
  7964 | D:9      | Killed a boulder beetle
  7965 | D:9      | Reached skill level 1 in Evocations
  8178 | D:10     | Entered Level 10 of the Dungeon
  8186 | D:10     | Found a bloodstained altar of Trog.
  8210 | D:10     | Reached skill level 11 in Polearms
  8472 | D:10     | Found a shadowy altar of Dithmenos.
  8476 | D:10     | Reached *** piety under Hepliaklqana
  8480 | D:10     | Found a blossoming altar of Fedhas.
  8619 | D:10     | Found a staircase to the Orcish Mines.
  8738 | D:10     | Reached XP level 11. HP: 73/75 MP: 16/16
  8745 | D:10     | Reached skill level 5 in Dodging
  8869 | D:10     | Found a basalt altar of Yredelemnul.
  8962 | D:11     | Noticed a two-headed ogre
  8964 | D:11     | Noticed a two-headed ogre
  8965 | D:11     | Found Ifrotaem's Armour Boutique.
  8970 | D:11     | Killed a two-headed ogre
  8976 | D:11     | Killed a two-headed ogre
  8977 | D:11     | Reached skill level 5 in Evocations
  9145 | D:11     | Found Koupof's Armour Emporium.
  9160 | D:11     | Found Yloim's Magic Scroll Shoppe.
  9211 | D:11     | Found Ahialloj's Magic Scroll Boutique.
  9242 | D:11     | Found Loclic's Weapon Boutique.
  9282 | D:11     | Reached skill level 12 in Polearms
  9499 | Lair:1   | Entered Level 1 of the Lair of Beasts
  9694 | Lair:1   | Found a frozen archway.
  9707 | IceCv    | Entered an ice cave
 10074 | IceCv    | Reached XP level 12. HP: 85/85 MP: 19/19
 10398 | IceCv    | Reached skill level 10 in Invocations
 10499 | IceCv    | Noticed a death yak
 10499 | IceCv    | Noticed a frost giant
 10499 | IceCv    | Noticed a death yak
 10499 | IceCv    | Noticed a death yak
 10511 | IceCv    | HP: 3/86 [death yak (10)]
 10517 | IceCv    | Killed a death yak
 10521 | IceCv    | Killed a death yak
 10992 | IceCv    | Killed a frost giant
 10993 | IceCv    | Reached skill level 10 in Fighting
 10993 | IceCv    | Reached skill level 13 in Polearms
 11177 | IceCv    | Killed a death yak
 11257 | IceCv    | Got the Tome of the Cricket
 11434 | Lair:1   | Reached **** piety under Hepliaklqana
 11812 | Lair:1   | Noticed Nergalle
 11825 | Lair:1   | Killed Nergalle
 12041 | Lair:2   | Noticed an eight-headed hydra
 12046 | Lair:2   | Killed an eight-headed hydra
 12138 | Lair:2   | Found a runed translucent gate.
 12138 | Lair:2   | Found a runed translucent gate.
 12138 | Lair:2   | Found a runed translucent gate.
 12227 | Lair:2   | Found a staircase to the Snake Pit.
 12302 | Lair:2   | Noticed idiolect's ghost (journeyman DsFE)
 13047 | Lair:3   | Reached ***** piety under Hepliaklqana
 13089 | Lair:3   | Reached XP level 13. HP: 95/95 MP: 22/22
 13247 | Lair:3   | Reached skill level 14 in Polearms
 13530 | Lair:3   | Learned a level 2 spell: Wereblood
 13560 | Lair:3   | Found a staircase to the Shoals.
 13678 | Lair:3   | Found a shimmering blue altar of Sif Muna.
 14522 | Lair:5   | Entered Level 5 of the Lair of Beasts
 15008 | Lair:5   | Reached skill level 1 in Spellcasting
 15133 | Lair:5   | Reached XP level 14. HP: 103/103 MP: 23/23
 15706 | Lair:5   | Found a viscous altar of Jiyva.
 15706 | Lair:5   | Identified the +8 falchion "Effycr Hehy" {vorpal, Dex+2
                  | SInv}
 15707 | Lair:5   | Found a staircase to the Slime Pits.
 16065 | Lair:5   | Identified the +0 glaive "Jur Umui" {vorpal, Drain rN+++
                  | Will+ SInv}
 16589 | D:12     | Found a gate leading to a gauntlet.
 16604 | Gauntlet | Entered a Gauntlet
 16604 | Gauntlet | Found a transporter.
 16604 | Gauntlet | Found a transporter.
 16604 | Gauntlet | Reached ****** piety under Hepliaklqana
 16608 | Gauntlet | Found a transporter.
 16608 | Gauntlet | Found a transporter.
 16618 | Gauntlet | Found a transporter.
 16637 | Gauntlet | Found a transporter.
 16637 | Gauntlet | Found a transporter.
 16647 | Gauntlet | Found a transporter.
 16647 | Gauntlet | Found a transporter.
 16652 | Gauntlet | Found a transporter.
 16676 | Gauntlet | Found a transporter.
 16724 | Gauntlet | Found a transporter.
 16770 | Gauntlet | Found a transporter.
 16786 | Gauntlet | Found a transporter.
 16904 | Gauntlet | Found a transporter.
 16924 | Gauntlet | Found a transporter.
 17051 | Gauntlet | Identified the +2 cloak "Xaucrug" {rElec Regen+ rCorr}
 17216 | Gauntlet | Slain by a minotaur

Illustrated notes

Levels and vault maps discovered:
D:1:      minmay_arrival_diagonal_passages, layout_loops_ring
D:2:      layout_basic
D:3:      layout_basic, elyvilon_altar_1, serial_shops, nicolae_shop_stone,
          minmay_goblin_outpost
D:4:      layout_loops_corners, zin_treasury, mainiacjoe_overflow_brackets,
          nicolae_overflow_hidden_temple, hellmonk_ghost_happy_afterlife
D:5:      layout_cave_pods, nicolae_kikubaaqudgha_miasma_corner
D:6:      layout_loops_cross, lemuel_round_altar, temple_fountains,
          lemuel_flamethrower_2, uniq_grinder, uniq_crazy_yiuf_cottage,
          uniq_sigmund
D:7:      layout_loops_cross, mainiacjoe_overflow_paths,
          nicolae_ru_path_of_blood, ebering_ghost_inner_flame, serial_shops,
          nicolae_shop_crystal
D:8:      layout_basic
D:9:      layout_irregular_city, lair_entry_dummy,
          amcnicky_mini_rare_corridor_liquid, glass_columns_b
D:10:     layout_gridville, amcnicky_altar_gilded, mainiacjoe_overflow_alcove_4,
          minitemple, zombieorc2_lemuel, eino_tiny_chamber
D:11:     layout_basic, serial_shops, shop, nicolae_shop_hallway_stairs,
          nicolae_shop_window_shopping, nicolae_shop_statue_plus, shop
D:12:     layout_roguey, gauntlet_entry_generic, guppyfry_shop_earth,
          uniq_frances, uniq_azrael
Temple:   hellmonk_temple_rainy
Lair:1:   layout_regular_city, portal_ice_cave_rime, grunt_megastairs_1,
          uniq_nergalle
Lair:2:   layout_regular_city, dummy_snake_entry, gammafunk_ghost_icy,
          serial_bayou_shore_a
Lair:3:   wad_woods_tower, layout_gridlike, shoals_dummy_entry, basic_altar
Lair:4:   layout_hall_layers
Lair:5:   evilmike_catoblepas_cave, layout_loops_ring,
          minmay_slime_entry_jelly_boxes
Gauntlet: gammafunk_gauntlet_branching [nicolae_gauntlet_arena_flowing_pool,
          gammafunk_gauntlet_arena_hedges, gammafunk_gauntlet_arena_chambers,
          gammafunk_gauntlet_arena_corners, gammafunk_gauntlet_arena_spirals,
          nicolae_gauntlet_arena_x, gammafunk_gauntlet_arena_crates,
          gammafunk_gauntlet_arena_split_x, gauntlet_exit_green]

Skill      XL: |  1  2  3  4  5  6  7  8  9 10 11 12 13 14 |
---------------+-------------------------------------------+-----
Polearms       | 3 4 5 6 7 9 10 11 12 13 14 | 14.0
Fighting       | 3 4 5 7 9 11 12 | 12.0
Invocations    | 6 7 9 12 | 12.0
Armour         | 4 5 7 8 |  8.4
Dodging        | 4 5 7 8 |  8.4
Evocations     | 4 5 7 |  7.0
Spellcasting   | 2 4 |  4.8
Throwing       | |  1.7

Action                   |  1- 3 |  4- 6 |  7- 9 | 10-12 | 13-15 || total
-------------------------+-------+-------+-------+-------+-------++-------
Melee: Trident           |    74 |   111 |   264 |   501 |   465 ||  1415
       Touch             |     9 |    17 |    33 |   122 |    89 ||   270
       Punch             |     1 |     1 |     4 |     6 |     7 ||    19
Throw: Dart              |       |       |     6 |     2 |     4 ||    12
       Throwing net      |       |       |     5 |     4 |       ||     9
Invok: Ancestor Identity |       |       |     1 |       |       ||     1
       Ancestor Life: Ba |       |       |       |     1 |       ||     1
       Recall Ancestor   |       |       |       |     1 |       ||     1
Evoke: Wand              |       |       |       |     3 |     1 ||     4
       Box of beasts     |       |       |       |       |     1 ||     1
  Use: Scroll            |       |       |    13 |    12 |     5 ||    30
       Potion            |       |       |       |     5 |     1 ||     6
 Stab: Sleeping          |       |       |     1 |     3 |       ||     4
       Distracted        |       |       |       |     9 |     8 ||    17
       Invisible         |       |       |       |     3 |       ||     3
Armor: Leather armour    |     3 |       |       |       |       ||     3
       Ring mail         |    11 |     6 |    67 |    52 |    94 ||   230
       Scale mail        |       |    16 |    19 |    40 |       ||    75
Dodge: Dodged            |    25 |    32 |   106 |   128 |   116 ||   407

Table legend: (Time is in decaauts)
 A = Elapsed time spent in this place.
 B = Non-inter-level travel time spent in this place.
 C = Inter-level travel time spent in this place.
 D = Time resting spent in this place.
 E = Time spent auto-exploring this place.
 F = Levels seen in this place.
 G = Mean time per level.
                   A        B        C        D        E       F      G
               +--------+--------+--------+--------+--------+-----+--------+
         Total |  16880 |  16141 |    739 |   2289 |   9967 |  20 |  844.0 |
       Dungeon |   9656 |   9160 |    496 |    787 |   6616 |  12 |  804.7 |
        Temple |     36 |     36 |      0 |      0 |      9 |   1 |   36.0 |
          Lair |   5063 |   4821 |    242 |    829 |   3059 |   5 | 1012.6 |
      Ice Cave |   1522 |   1522 |      0 |    673 |    118 |   1 | 1522.0 |
      Gauntlet |    601 |    601 |      0 |      0 |    165 |   1 |  601.0 |
               +--------+--------+--------+--------+--------+-----+--------+

Top non-repeatable levels by time:
  Lair:5: 1522 daAuts
   IceCv: 1522 daAuts
     D:6: 1117 daAuts
     D:4: 1066 daAuts
  Lair:1: 1045 daAuts
     D:5: 954 daAuts
  Lair:3: 941 daAuts
     D:7: 913 daAuts
     D:1: 909 daAuts
  Lair:2: 904 daAuts
     D:2: 897 daAuts
     D:3: 841 daAuts
     D:9: 813 daAuts
    D:10: 777 daAuts
     D:8: 654 daAuts
